 Dungeon Crawl Stone Soup version 0.17-a0-1714-g35622ae (webtiles) character file.

634 kae the Carver (level 7, -2/57 HPs)
             Began as a Minotaur Fighter on Aug 23, 2015.
             Slain by a gnoll
             ... wielding a +0 spear
              (6 damage)
             ... on level 4 of the Dungeon.
             The game lasted 00:03:42 (2723 turns).

kae the Carver (Minotaur Fighter)                   Turns: 2723, Time: 00:03:42

Health: -2/57      AC:  7    Str: 21    XL:     7   Next: 25%
Magic:  6/6        EV:  7    Int: 15    God:
Gold:   168        SH:  9    Dex:  9    Spells: 0 memorised, 6 levels left

rFire  . . .     SeeInvis .     t - +0 falchion (elec)
rCold  . . .     Clarity  .     v - +1 scale mail
rNeg   . . .     SustAt   .     c - +0 shield
rPois  .         Gourm    .     (helmet restricted)
rElec  .         Spirit   .     (no cloak)
rCorr  .         Warding  .     (no gloves)
rMut   .         Stasis   .     (no boots)
MR     .....                    (no amulet)
Stlth  ..........               (no ring)
                                j - +3 ring of intelligence

@: brilliant, not resistant to hostile enchantments, extremely unstealthy
A: retaliatory headbutt, horns 2
a: no special abilities


You were on level 4 of the Dungeon.
You were not hungry.

You visited 1 branch of the dungeon, and saw 4 of its levels.

You collected 168 gold pieces.

Inventory:

Hand weapons
 a - a +0 long sword
 t - a +0 falchion of electrocution (weapon)
Armour
 c - a +0 shield (worn)
 v - a +1 scale mail (worn)
Jewellery
 j - a +3 ring of intelligence (left hand)
Magical devices
 r - a wand of fire (5)
Scrolls
 m - 2 scrolls of remove curse
Potions
 f - a potion of cancellation
Comestibles
 e - 2 bread rations
 h - 4 fruits
 i - 3 chunks of flesh
 l - a meat ration


   Skills:
 - Level 3.6 Fighting
 + Level 9.7 Long Blades
 - Level 3.6 Armour
 - Level 3.6 Shields


You had 6 spell levels left.
You didn't know any spells.

Dungeon Overview and Level Annotations

Branches:
Dungeon (4/15)
 Temple: D:4-7

Altars:
Kikubaaqudgha
Xom
Zin


Innate Abilities, Weirdness & Mutations

You reflexively headbutt those who attack you in melee.
You have a pair of horns on your head.


Message History

The gnoll shouts!
A gnoll comes into view. It is wielding a club.
The gnoll shouts!
A gnoll comes into view.
The gnoll shouts!
The gnoll closely misses you.
You slash the gnoll!
There is a sudden explosion of sparks!
You kill the gnoll!
You are starting to lose your buoyancy.
Things that are here:
a club; a gnoll corpse You reach down and open the door.
An orc comes into view. It is wielding a war axe.
There is an open door here. 2 gnolls come into view.
The gnoll shouts!
You hear a shout!
A gnoll shaman comes into view. It is wielding a club.
You float gracefully downwards.
Something unseen opens the door.
The gnoll hits you from afar with a spear.
You die...

##########
.o.......#+#
.......g)g.#
......g..#.#
##########.#
#...g.@#
#...g..#
##'###.#
#..g #.# #..
#.# +. #+#
##


You could see 3 gnolls.

Vanquished Creatures
  The ghost of kae the Carver, an average MiFi (D:4)
  Sigmund (D:4)
  An orc wizard (D:3)
  3 worker ants (D:4)
  Natasha (twice) (D:3)
  4 adders
  A gnoll (D:4)
  4 worms
  2 giant geckos (D:1)
  6 orcs
  A ball python (D:2)
  9 bats
  6 giant cockroaches
  8 hobgoblins
  4 giant newts
  12 goblins
  6 kobolds
  7 rats
78 creatures vanquished.

Notes
Turn   | Place    | Note
--------------------------------------------------------------
     0 | D:1      | kae the Minotaur Fighter began the quest for the Orb.
     0 | D:1      | Reached XP level 1. HP: 19/19 MP: 0/0
    82 | D:1      | Reached XP level 2. HP: 26/26 MP: 1/1
   588 | D:1      | Reached skill level 4 in Long Blades
   728 | D:2      | Reached XP level 3. HP: 15/31 MP: 2/2
  1109 | D:2      | Reached skill level 5 in Long Blades
  1274 | D:2      | Found an ancient bone altar of Kikubaaqudgha.
  1330 | D:3      | Noticed Natasha
  1338 | D:3      | Reached XP level 4. HP: 25/39 MP: 3/3
  1662 | D:3      | Reached skill level 6 in Long Blades
  1722 | D:3      | Found a glowing silver altar of Zin.
  1722 | D:3      | Noticed an angel
  1724 | D:3      | Found a shimmering altar of Xom.
  1741 | D:3      | Killed Natasha
  1741 | D:3      | Reached XP level 5. HP: 33/45 MP: 4/4
  1837 | D:3      | Noticed Natasha
  1862 | D:3      | Killed Natasha
  2371 | D:4      | Reached skill level 7 in Long Blades
  2570 | D:4      | Noticed kae's ghost (average MiFi)
  2590 | D:4      | Killed kae's ghost
  2590 | D:4      | Reached skill level 8 in Long Blades
  2590 | D:4      | Reached XP level 6. HP: 21/51 MP: 5/5
  2592 | D:4      | Reached skill level 9 in Long Blades
  2649 | D:4      | Noticed Sigmund
  2665 | D:4      | Killed Sigmund
  2665 | D:4      | Reached XP level 7. HP: 19/57 MP: 6/6
  2704 | D:4      | HP: 1/57 [orc priest/divine providence (13)]
  2712 | D:4      | HP: 1/57 [adder (1)]
  2723 | D:4      | Slain by a gnoll

Vault maps used:
D:1:      dpeg_arrival_erosion
D:2:      old_standard_altar
D:3:      grunt_temple_overflow_order_and_chaos_1, first_bread, uniq_natasha
D:4:      lemuel_castle_with_subvaults, minmay_temple_entry_glassed_door,
          trog_butcher_becter, uniq_sigmund, uniq_duvessa

Action                   |  1- 3 |  4- 6 |  7- 9 || total
-------------------------+-------+-------+-------++-------
Melee: Long sword        |   115 |    75 |       ||   190
       Falchion          |       |    41 |     4 ||    45
  Use: Potion            |     1 |     4 |     2 ||     7
       Scroll            |     2 |     6 |     1 ||     9
  Eat: Chunk             |     1 |     5 |       ||     6
